 Dungeon Crawl Stone Soup version 0.31-a0-1074-g0b22e4e0f1 (webtiles) character file.

Game seed: 10325087136457353737

2025754 Forgeling the Cryomancer (level 26, 218/218 HPs)
             Began as a Demigod Wanderer on Dec 6, 2023.
             Escaped with the Orb
             ... and 4 runes!
             The game lasted 03:58:49 (92585 turns).

Forgeling the Cryomancer (Demigod Wanderer)        Turns: 92585, Time: 03:58:50

Health: 218/218    AC: 24    Str: 18    XL:     26   Next: 73%
Magic:  58/58      EV: 18    Int: 60    God:
Gold:   3751       SH: 22    Dex: 15    Spells: 11/65 levels left

rFire   + + .        A - staff of cold
rCold   + + .        n - +5 kite shield {rF+}
rNeg    + + .        j - +4 faerie dragon scales {rCorr MP+5 Int+5 Dex+3 Stlth+}
rPois   +            p - -2 hat of the Alchemist {rElec rPois rF+ rC+ rN+ Will+ rMut rCorr}
rElec   +            T - +4 dragonskin cloak
rCorr   +            t - +2 pair of gloves "Ducuy" {rElec Str+3 Int+5}
SInv    +            x - +3 pair of mountain boots {steadfast, rC+}
Will    ++++.        f - amulet "Hiar" {RegenMP Will+ SInv}
Stlth   +            o - ring of Enta {rPois rC- rN+ Int+7}
HPRegen 0.56/turn    a - ring of wizardry
MPRegen 0.76/turn

%: resist mutation, wizardry (x1)
@: studying 4 skills
A: high MP 1, forlorn, divine attributes, talons 1, large bone plates 1, dopey 1
0: Orb of Zot
}: 4/15 runes: decaying, serpentine, slimy, silver
a: no special abilities


You escaped.
You visited 12 branches of the dungeon, and saw 56 of its levels.
You also visited: Volcano and Wizlab.

You collected 9307 gold pieces.
You spent 5556 gold pieces at shops.

Inventory:

Missiles
 g - 6 curare-tipped darts
 w - 10 javelins
 Z - 6 silver javelins
Armour
 j - the +4 faerie dragon scales (worn) {rCorr MP+5 Int+5 Dex+3 Stlth+}
   (You took it off the Enchantress on level 4 of the Depths)

   Int+5:     It affects your intelligence (+5).
   Dex+3:     It affects your dexterity (+3).
   MP+5:      It affects your magic capacity (+5).
   rCorr:     It protects you from acid and corrosion.
   Stlth+:    It makes you more stealthy.
 n - a +5 kite shield of fire resistance (worn)
 p - the -2 hat of the Alchemist (worn) {rElec rPois rF+ rC+ rN+ Will+ rMut rCorr}
   (You found it on level 3 of the Elven Halls)

   rF+:       It protects you from fire.
   rC+:       It protects you from cold.
   rElec:     It insulates you from electricity.
   rPois:     It protects you from poison rN+: It protects you from negative
   energy.
   Will+:     It increases your willpower.
   rCorr:     It protects you from acid and corrosion.
   rMut:      It protects you from mutation.
 t - the +2 pair of gloves "Ducuy" (worn) {rElec Str+3 Int+5}
   (You found it on level 3 of the Crypt)

   Str+3:     It affects your strength (+3).
   Int+5:     It affects your intelligence (+5).
   rElec:     It insulates you from electricity.
 x - the +3 pair of mountain boots (worn) {steadfast, rC+}
   (You found it on level 3 of the Elven Halls)

   Steadfast: It prevents involuntary movement, except for blinking,
   teleportation, or banishment.
   rC+:       It protects you from cold.
 T - the +4 dragonskin cloak (worn)
   (You took it off Tiamat on level 1 of the Realm of Zot)

   Avatar's Aegis: It grants the wearer a chance to resist fire, cold, poison,
   electricity, acid, and negative energy.
Magical Staves
 q - the staff of Gravity {*Slow rElec rCorr Str+7 Tmut Air}
   (You found it on level 3 of the Elven Halls)

   [staff of air]

   Base accuracy: +5 Base damage: 5 Base attack delay: 1.2 This weapon's minimum
   attack delay (0.6) is reached at skill level 12.
   Str+7:     It affects your strength (+7).
   rElec:     It insulates you from electricity.
   rCorr:     It protects you from acid and corrosion.
   *Slow:     It may slow you when you take damage.
   Tmut:      It increases the power of your Transmutations spells.
   Air:       It increases the power of your Air spells.
   It falls into the 'Staves' category.
   It is a one-handed weapon.
 A - a staff of cold (weapon)
 L - a staff of air
Jewellery
 a - a ring of wizardry (right hand)
 b - the ring of Jeleunoha {Will+ Int+3 Dex+6}
   (You took it off a spriggan berserker on level 2 of the Depths)

   [ring of dexterity]

   Int+3:     It affects your intelligence (+3).
   Dex+6:     It affects your dexterity (+6).
   Will+:     It increases your willpower.
 f - the amulet "Hiar" (around neck) {RegenMP Will+ SInv}
   (You bought it in a shop on level 2 of the Snake Pit)

   [amulet of magic regeneration]

   RegenMP:   It increases your rate of magic regeneration.
   Will+:     It increases your willpower.
   SInv:      It lets you see invisible.
 o - the ring of Enta (left hand) {rPois rC- rN+ Int+7}
   (You found it on level 3 of the Crypt)

   [ring of positive energy]

   Int+7:     It affects your intelligence (+7).
   rC-:       It makes you vulnerable to cold.
   rPois:     It protects you from poison rN+: It protects you from negative
   energy.
 u - a +4 ring of protection
Wands
 d - a wand of digging (26)
 e - a wand of charming (42)
 h - a wand of quicksilver (42)
 i - a wand of roots (64)
 y - a wand of mindburst (62)
Scrolls
 c - 10 scrolls of enchant armour
 k - 12 scrolls of enchant weapon
 l - 6 scrolls of brand weapon
 D - a scroll of blinking
 E - 10 scrolls of fear
 F - 14 scrolls of fog
 I - a scroll of amnesia
 K - 8 scrolls of immolation
 O - 11 scrolls of silence
 P - 11 scrolls of poison
 S - a scroll of summoning
 V - 17 scrolls of vulnerability
 X - 7 scrolls of revelation {@r4}
 Y - 15 scrolls of teleportation {@r3}
Potions
 B - 2 potions of brilliance
 C - 2 potions of cancellation
 G - 8 potions of ambrosia
 H - 5 potions of haste
 J - 30 potions of curing {@q1}
 M - 10 potions of might
 N - 8 potions of heal wounds {@q2}
 Q - 4 potions of magic
 R - 6 potions of resistance
 U - 22 potions of mutation
 W - 6 potions of enlightenment
Miscellaneous
 m - a phantom mirror
 r - a phial of floods
 s - a tin of tremorstones (2/2)
 v - a lightning rod (4/4)
 z - a box of beasts


   Skills:
 - Level 14.5 Fighting
 - Level 12.0 Staves
 - Level 4.0 Throwing
 - Level 12.2 Armour
 - Level 14.8 Dodging
 - Level 2.6 Stealth
 - Level 14.9 Shields
 - Level 20.0 Spellcasting
 + Level 20.5 Conjurations
 - Level 23.0 Ice Magic
 - Level 17.0 Air Magic
 - Level 11.0 Evocations


You had 11 spell levels left.
You knew the following spells:

 Your Spells              Type           Power      Damage    Failure   Level
a - Chain Lightning       Conj/Air       68%        3d91      6%          9
b - Polar Vortex          Ice            86%        12d11*    1%          9
f - Summon Lightning Spi  Summ/Air       100%       N/A       1%          4
i - Ozocubu's Refrigerat  Ice            86%        4d26      0%          7
q - Maxwell's Capacitive  Air            66%        ∞         1%          8
r - Swiftness             Air            100%       N/A       0%          3
s - Airstrike             Air            66%        2d(10-26) 0%          4
v - Arcjolt               Conj/Air       68%        1d78      0%          5
y - Irradiate             Conj/Tmut      55%        3d30      1%          5

Your spell library contained the following spells:

 Spells                   Type           Power      Damage    Failure   Level
 Foxfire                  Conj/Fire      100%       2x1d9     0%          1
 Freeze                   Ice            100%       1d10      0%          1
 Shock                    Conj/Air       100%       1d9       0%          1
 Ensorcelled Hibernation  Hex/Ice        100%       N/A       0%          2
 Poisonous Vapours        Pois/Air       100%       N/A       0%          2
 Static Discharge         Conj/Air       100%       3-8/arc   0%          2
 Dazzling Flash           Conj/Hex       100%       N/A       0%          3
 Frozen Ramparts          Ice            100%       1d16      0%          3
 Hailstorm                Conj/Ice       100%       3d20      0%          3
 Mephitic Cloud           Conj/Pois/Air  100%       N/A       0%          3
 Ozocubu's Armour         Ice            100%       N/A       0%          3
 Stone Arrow              Conj/Erth      100%       3d13      0%          3
 Freezing Cloud           Conj/Ice/Air   83%        6-21      0%          5
 Iskenderun's Battlesphe  Conj           100%       2d15      0%          5
 Conjure Ball Lightning   Conj/Air       68%        3x3d25    0%          6
 Apportation              Tloc           100%       N/A       1%          1
 Necrotise                Necr           100%       1d9       1%          1
 Sandblast                Erth           100%       2d20      1%          1
 Summon Small Mammal      Summ           100%       N/A       1%          1
 Blink                    Tloc           100%       N/A       1%          2
 Cigotuvi's Dreadful Rot  Necr/Pois/Air  100%       N/A       1%          2
 Jinxbite                 Hex            100%       N/A       1%          2
 Passwall                 Tmut/Erth      46%        N/A       1%          2
 Scorch                   Fire           100%       2d9       1%          2
 Sublimation of Blood     Necr           56%        N/A       1%          2
 Wereblood                Tmut           56%        N/A       1%          2
 Call Canine Familiar     Summ           56%        N/A       1%          3
 Confusing Touch          Hex            56%        N/A       1%          3
 Ignite Poison            Fire/Tmut/Pois 56%        N/A       1%          3
 Inner Flame              Hex/Fire       56%        N/A       1%          3
 Summon Guardian Golem    Hex/Summ       56%        N/A       1%          3
 Vampiric Draining        Necr           56%        2d10      1%          3
 Volatile Blastmotes      Fire/Tloc      100%       2d18      1%          3
 Anguish                  Hex/Necr       28%        N/A       1%          4
 Animate Armour           Summ/Erth      100%       N/A       1%          4
 Animate Dead             Necr           56%        N/A       1%          4
 Brom's Barrelling Bould  Conj/Erth      100%       2d11      1%          4
 Cause Fear               Hex            28%        N/A       1%          4
 Dimensional Bullseye     Hex/Tloc       28%        N/A       1%          4
 Dispel Undead            Necr           56%        3d20      1%          4
 Flame Wave               Conj/Fire      100%       2d21      1%          4
 Leda's Liquefaction      Hex/Erth       28%        N/A       1%          4
 Manifold Assault         Tloc           56%        N/A       1%          4
 Passage of Golubria      Tloc           56%        N/A       1%          4
 Petrify                  Tmut/Erth      56%        N/A       1%          4
 Sticky Flame             Conj/Fire      100%       2d11      1%          4
 Summon Ice Beast         Ice/Summ       100%       N/A       1%          4
 Vhi's Electric Charge    Tloc/Air       100%       N/A       1%          4
 Fireball                 Conj/Fire      55%        3d21      1%          5
 Metabolic Englaciation   Hex/Ice        69%        N/A       1%          5
 Silence                  Hex/Air        52%        N/A       1%          5
 Bombard                  Conj/Erth      55%        9d9       1%          6
 Plasma Beam              Fire/Air       52%        2x1d67    1%          6
 Simulacrum               Ice/Necr       69%        N/A       1%          6
 Starburst                Conj/Fire      55%        6d15      1%          6
 Orb of Destruction       Conj           70%        9d16      1%          7
 Spellforged Servitor     Conj/Summ      55%        N/A       1%          7
 Agony                    Necr           56%        N/A       3%          5
 Lee's Rapid Deconstruct  Erth           28%        3d15*     3%          5
 Summon Forest            Summ/Tloc      28%        N/A       3%          5
 Summon Mana Viper        Hex/Summ       56%        N/A       3%          5
 Yara's Violent Unravell  Hex/Tmut       28%        3d12      3%          5
 Lehudib's Crystal Spear  Conj/Erth      55%        10d13     13%         8
 Death Channel            Necr           28%        N/A       21%         6
 Summon Cactus Giant      Summ           28%        N/A       21%         6
 Enfeeble                 Hex            28%        N/A       69%         7
 Haunt                    Necr/Summ      28%        N/A       69%         7
 Summon Hydra             Summ           28%        N/A       69%         7
 Fire Storm               Conj/Fire      55%        8d14      86%         9
 Borgnjor's Revivificati  Necr           28%        N/A       100%        8
 Discord                  Hex            28%        N/A       100%        8
 Ignition                 Fire           28%        3d9       100%        8
 Infestation              Necr           28%        N/A       100%        8
 Death's Door             Necr           28%        N/A       100%        9
 Dragon's Call            Summ           28%        N/A       100%        9
 Shatter                  Erth           28%        3d23*     100%        9


Dungeon Overview and Level Annotations

Branches:
Dungeon (15/15)            Temple (0/1) D:4            Lair (5/5) D:9
  Swamp (4/4) Lair:2        Snake (4/4) Lair:2        Slime (5/5) Lair:5
    Orc (2/2) D:11            Elf (3/3) Orc:2        Vaults (5/5) D:14
  Crypt (3/3) Vaults:2       Tomb (0/3) Crypt:3      Depths (4/4) D:15
   Hell (visited)             Dis (0/7) Hell            Geh (0/7) Hell
    Coc (0/7) Hell            Tar (0/7) Hell            Zot (5/5) Depths:4
Volcano (visited)          WizLab (visited)

Shops:
D:1 *   D:3 =:!   D:4 !*:   D:9 [   Orc:1 ?   Orc:2 [*=(   Elf:2 (
Snake:1 *((   Snake:2 *((=   Snake:3 :   Vaults:3 (

Portals:
Hell: Depths:1 Depths:2 Depths:3 Depths:4
Abyss: Depths:3 Depths:4
Pandemonium: Depths:2 Depths:3
Ziggurat: Depths:3

Annotations:
Lair:5 exclusion: obsidian statue
Snake:2 Roxanne


Innate Abilities, Weirdness & Mutations

You have an increased reservoir of magic. (+10% MP)
You shall have no god before yourself.
Your divine heritage dramatically boosts your attributes as you level up.
You have sharp toenails.
You are partially covered in large bone plates. (SH +4)
You are dopey. (Int -2)


Message History

You feel charge building up... The Hell Sentinel gestures at you.
The iron shot hits you!!
The electricity discharges through the Hell Sentinel!!!!!
The Hell Sentinel vaporises in an electric haze!
You kill the Hell Sentinel!
What level of the Dungeon? (default 1, ? - help)
There is a stone staircase leading up here.
Magic restored.
You climb upwards.
There is a stone staircase leading down here.
There is a stone staircase leading up here.
You climb upwards.
There is a stone staircase leading down here.
There is a stone staircase leading up here.
You climb upwards.
There is a stone staircase leading down here.
HP restored.
A hellion comes into view.
Casting: Maxwell's Capacitive Coupling (mildly dangerous; 1% risk of failure)
Confirm with . or Enter, or press ? or * to list all spells.
Lightning arcs from your hands!
The bolt of lightning hits the hellion!!!!
You kill the hellion!
What level of the Dungeon? (default 1, ? - help)
Okay, then.
Unknown command.
Magic restored.
Aiming: Dig
Press: ? - help, Shift-Dir - straight line A rock wall.
This square is covered in magical glow.
The rock shatters into small pieces.
Aiming: Dig
Press: ? - help, Shift-Dir - straight line A rock wall.
This square is covered in magical glow.
The rock shatters into small pieces.
There is a staircase leading out of the dungeon here.
You have escaped!

##### ########.#########.# #.###
#.........## #.# ...##
#.######.#.#######.# ##..# #.#
#...........##.# .#.## #.#
#..#.....#.[##.#### ...####.#
#.##8###8.#.......#
.#.#.##.###..#.........#.##.#
.#..#.#.##...#.....#..#...#.#####
.#.##.#.#....#..@..#.............
...##.#......#.....#......#.#####
.#.#.####..........#..##.##.#
.#..######..##8###8##.##.##.# ##
.#.#...# ##.##.....#........# #.
...##..# #...........##'#### #.
.#.##..# ####...##..##...## #.
##..#..# ##..##.##.....## #.
...#...# ##.#.##.........## #.


There were no monsters in sight!

Vanquished Creatures
  the Royal Jelly (Slime:5)
  Tiamat (Zot:1)
  5 ancient liches
  6 dread liches
  2 orbs of fire
  2 juggernauts (Depths:2)
  Sojobo (Crypt:3)
  A pandemonium lord (Zot:1)
  A royal mummy (Crypt:3)
  5 Killer Klowns
  2 curse toes
  The ghost of Raxkuugy the Crack Shot, a master TeHu of Fedhas (Crypt:3)
  16 golden dragons
  4 caustic shrikes (Depths:4)
  Geryon (Hell)
  the Enchantress (Depths:4)
  Norris (Elf:2)
  2 bone dragons
  A shard shrike zombie (Swamp:3)
  3 electric golems
  Jorgrun (Snake:2)
  8 liches
  22 tentacled monstrosities
  2 Hell Sentinels
  26 Orb Guardians (Zot:5)
  A walking earthen tome (Depths:2)
  A walking frostbound tome (Depths:2)
  2 deep elf blademasters (Elf:3)
  A moon troll (WizLab)
  6 quicksilver dragons
  Asterion (Snake:3)
  2 deep elf master archers (Elf:3)
  6 sphinxes
  3 titans (Vaults:5)
  Murray (Depths:1)
  10 death cobs
  17 acid blobs
  Gastronok (Lair:2)
  Frances (D:12)
  7 ancient champions
  5 tentacled starspawn (WizLab)
  15 storm dragons
  Donald (Elf:2)
  7 tengu reavers
  A thorn hunter (Swamp:3)
  3 revenants
  9 azure jellies
  11 shadow dragons
  9 draconian monks
  7 rockslimes
  2 fenstrider witches (Swamp:4)
  6 deep elf sorcerers
  8 nagarajas
  7 fire giants
  9 frost giants
  12 draconian knights
  3 iron dragons
  4 deep elf elementalists (Elf:3)
  23 vault wardens
  Louise (D:14)
  2 balrugs
  2 curse skulls
  7 draconian scorchers
  2 caustic shrike zombies
  2 ghost moths (Zot:5)
  A juggernaut zombie (Hell)
  4 spriggan defenders (Depths:4)
  6 draconian shifters
  5 draconian stormcallers
  5 orc warlords
  13 ghouls
  4 cacodemons
  14 quicksilver oozes
  20 ironbound preservers
  22 stone giants
  7 draconian annihilators
  6 war gargoyles
  5 deep elf demonologists
  7 ironbound thunderhulks
  9 very ugly things
  3 formless jellyfish
  21 green draconians
  6 reapers
  18 black draconians
  4 eleionomae
  7 vampire knights
  14 white draconians
  6 spark wasps
  16 yellow draconians
  12 deep elf annihilators
  18 purple draconians
  7 dire elephants
  6 red draconians
  7 bunyips
  3 blizzard demons (Hell)
  Snorg (D:11)
  An acid blob zombie (Crypt:3)
  9 deep elf death magi
  7 mummy priests
  An ettin (shapeshifter) (Depths:3)
  7 eidola
  A shambling mangrove (Swamp:4)
  4 fire dragons
  12 jiangshi
  4 crystal guardians
  Josephine (D:12)
  4 entropy weavers
  A quicksilver dragon zombie (Hell)
  11 ettins
  Harold (Lair:2)
  5 deep elf high priests
  A merfolk impaler (Depths:2)
  A hell beast (Depths:1)
  8 yaktaur captains
  3 spriggan zombies (Hell)
  13 ice dragons
  4 death knights
  9 hydras
  4 rakshasas
  Erolcha (D:11)
  32 vault guards
  A sphinx zombie (Crypt:2)
  14 great orbs of eyes
  9 spriggan air magi
  5 salamander tyrants
  3 peacekeepers
  5 anacondas
  5 boulder beetles
  2 ogre magi (Vaults:5)
  A catoblepas (shapeshifter) (Depths:3)
  4 ghost crabs
  4 centaur warriors
  13 alligators
  2 alligators (shapeshifter)
  5 ironbound frosthearts
  34 dancing weapons
  A death yak (Lair:5)
  12 naga warriors
  Erica (D:9)
  5 deep troll shamans
  Urug (Orc:2)
  8 tengu warriors
  4 spriggan berserkers
  7 hell hogs (Hell)
  9 two-headed ogres
  4 deep troll earth magi
  A bennu skeleton (Crypt:2)
  A sphinx skeleton (Crypt:3)
  12 naga sharpshooters
  15 vampire magi
  An occultist (Depths:1)
  22 hell knights
  Sonja (Lair:1)
  11 deep elf knights
  4 orc high priests
  4 soul eaters
  A storm dragon zombie (Depths:3)
  Nergalle (D:11)
  4 shock serpents
  A titan skeleton (Crypt:1)
  A spectral death yak (Lair:5)
  4 sun demons
  5 skysharks
  A wretched star (WizLab)
  7 salamander mystics
  3 shadow wraiths
  3 anaconda zombies (Hell)
  An iron troll (Depths:1)
  8 goliath frogs
  7 skeletal warriors
  A death drake (shapeshifter) (Depths:3)
  A spectral anaconda (Lair:5)
  11 glowing orange brains
  2 golden dragon zombies
  17 bog bodies
  2 sea snakes (Snake:1)
  12 phantasmal warriors
  An orange crystal statue (WizLab)
  7 spriggan druids
  A spriggan simulacrum (Crypt:3)
  4 naga ritualists
  6 deep elf archers
  64 deep trolls
  2 bunyip skeletons
  8 flayed ghosts
  A golden dragon skeleton (Depths:3)
  5 lindwurms
  21 deep elf pyromancers
  A kraken simulacrum (Swamp:3)
  A tengu zombie (Hell)
  13 necromancers
  8 arcanists
  4 harpies (Vaults:3)
  An anaconda skeleton (Crypt:3)
  16 orc knights
  3 frost giant zombies
  27 deep elf zephyrmancers
  A goliath frog zombie (Crypt:3)
  3 orc sorcerers
  21 ironbound convokers
  Pikel (D:9)
  2 apis zombies (Depths:3)
  5 mana vipers
  7 shining eyes
  34 ugly things
  A will-o-the-wisp (Swamp:3)
  2 oklob plants (Lair:5)
  A fire giant zombie (Hell)
  A manticore (shapeshifter) (Vaults:5)
  An alligator zombie (Hell)
  A wolf spider (D:15)
  17 salamanders
  A wolf spider (shapeshifter) (Vaults:5)
  Maurice (D:11)
  4 manticores
  A stone giant zombie (Hell)
  An alligator skeleton (Hell)
  3 cyclopes
  A black mamba (shapeshifter) (Depths:3)
  35 black mambas
  22 moths of wrath
  An eye of devastation (shapeshifter) (Depths:3)
  17 elephants (Lair:5)
  A centaur zombie (Crypt:3)
  13 vault sentinels
  10 eyes of devastation
  13 naga magi
  Joseph (D:8)
  5 guardian serpents
  3 ice statues
  5 smoke demons
  A dire elephant skeleton (Crypt:1)
  8 molten gargoyles
  A torpor snail (shapeshifter) (Depths:3)
  An orange demon (Zot:5)
  3 hellions
  11 cane toads
  4 gargoyles
  2 rime drakes
  2 efreet
  17 freezing wraiths
  47 yaktaurs
  12 komodo dragons
  2 sea snake zombies (Hell)
  A redback zombie (Crypt:2)
  34 guardian mummies
  A mana viper zombie (Crypt:2)
  An ice devil (Zot:3)
  A green draconian skeleton (Crypt:1)
  2 tengu conjurers
  A harpy zombie (Crypt:3)
  A catoblepas skeleton (Crypt:3)
  A yaktaur skeleton (Vaults:4)
  7 bloated husks (Swamp:3)
  A hellwing (Zot:5)
  3 meliai (D:13)
  17 hornets
  3 polar bears
  7 trolls
  A hydra zombie (Hell)
  10 tyrant leeches
  19 blink frogs
  4 glass eyes
  2 hydra skeletons
  A jumping spider zombie (Crypt:1)
  A dream sheep (shapeshifter) (Vaults:5)
  12 dream sheep
  2 spectral elephants (Lair:5)
  A raiju (shapeshifter) (Depths:3)
  3 ettin zombies (Hell)
  66 slime creatures
  3 fire giant simulacra (Depths:3)
  A black mamba zombie (Crypt:3)
  A guardian serpent skeleton (Crypt:2)
  16 spriggans
  A culicivora (shapeshifter) (Elf:3)
  A shadow (D:12)
  3 air elementals (Elf:2)
  2 vampires
  2 wyverns
  18 water elementals
  30 yaks
  12 wraiths
  10 ushabtiu (Crypt:3)
  A fire bat (Volcano)
  9 spriggan skeletons
  3 fire elementals
  3 basilisks
  16 humans (D:14)
  6 golden eyes (WizLab)
  7 starcursed masses (WizLab)
  A chaos spawn (Zot:1)
  A sea snake simulacrum (Hell)
  A steam dragon (D:9)
  6 swamp worm simulacra (Swamp:4)
  18 vampire mosquitoes
  A faun zombie (Crypt:1)
  3 redbacks (Vaults:2)
  4 wargs
  A merfolk zombie (Crypt:2)
  A naga zombie (Crypt:3)
  3 spectral cane toads (Lair:5)
  An acid dragon (D:12)
  A glowing shapeshifter zombie (Depths:3)
  48 nagas
  15 swamp worms
  Duvessa (D:6)
  15 water moccasins
  2 swamp drakes
  13 hydra simulacra (Swamp:4)
  A black bear (D:7)
  7 ice beasts
  A dream sheep zombie (Crypt:1)
  2 sky beasts
  26 orc warriors
  A small abomination (Zot:1)
  3 human zombies
  7 ogres
  20 wolves
  9 centaurs
  A phantom (D:7)
  2 elephant skeletons (Lair:5)
  A swamp dragon skeleton (Crypt:2)
  A hog zombie (Crypt:1)
  2 lemures (D:9)
  A torpor snail zombie (Crypt:3)
  Blork the orc (Orc:2)
  An earth elemental (Elf:3)
  A kobold brigand (D:10)
  3 necrophages
  17 bullfrogs
  A komodo dragon skeleton (Crypt:3)
  4 gnoll sergeants
  A cane toad simulacrum (Lair:5)
  2 scorpions
  17 wights
  An elephant simulacrum (Lair:5)
  Dowan (D:6)
  3 killer bees (D:9)
  A killer bee (shapeshifter) (Depths:3)
  2 howler monkeys
  6 electric eels
  3 lava snakes (Volcano)
  A bullfrog zombie (Crypt:3)
  A jelly (D:5)
  15 orc priests
  4 hounds
  4 gnoll boudas
  2 sleepcaps (D:7)
  Terence (D:2)
  4 iguanas
  16 orc wizards
  A killer bee zombie (Crypt:3)
  An ogre skeleton (Crypt:2)
  A tengu skeleton (Crypt:2)
  7 mummies (Crypt:3)
  32 gnolls
  6 adders
  A steam dragon skeleton (Crypt:2)
  4 white imps
  2 swamp drake simulacra (Swamp:4)
  2 worms (D:2)
  3 dart slugs
  55 orcs
  4 ball pythons
  4 endoplasms
  3 giant cockroaches
  8 goblins
  2 hobgoblins
  2 jackals (D:5)
  7 quokkas
  3 bats
  4 frilled lizards
  A frilled lizard skeleton (Crypt:3)
  7 kobolds
  3 rats
  A butterfly (Lair:5)
  7 starspawn tentacles (WizLab)
2474 creatures vanquished.

Vanquished Creatures (collateral kills)
  A death cob (Zot:3)
  2 dire elephant zombies (Lair:5)
  An elephant simulacrum (Lair:5)
4 creatures vanquished.

Vanquished Creatures (others)
  2 bloated husks (Swamp:3)
  A hydra skeleton (Swamp:3)
  2 foxfires (Swamp:3)
  5 starspawn tentacles (WizLab)
  4 tentacles (Swamp:3)
14 creatures vanquished.

Grand Total: 2492 creatures vanquished

Notes
Turn   | Place    | Note
-------+----------+-------------------------------------------
     0 | D:1      | Forgeling the Demigod Wanderer began the quest for the Orb.
     0 | D:1      | Forgeling set off with the following items: a +2 dagger, a
                  | curare-tipped dart, a +0 pair of boots, a +0 leather
                  | armour, a potion of heal wounds {@q2}; and the following
                  | spell memorised: Freeze; and the following spells available
                  | to memorise: Ozocubu's Armour.
     0 | D:1      | Reached XP level 1. HP: 14/14 MP: 4/4
    78 | D:1      | Reached skill level 2 in Ice Magic
   498 | D:1      | Found Hiokeev's General Store.
   515 | D:1      | Reached XP level 2. HP: 19/20 MP: 1/5
  1428 | D:2      | Reached skill level 3 in Ice Magic
  1661 | D:2      | Noticed Terence
  1807 | D:3      | Reached XP level 3. HP: 26/26 MP: 2/6
  1811 | D:3      | Learned a level 3 spell: Ozocubu's Armour
  1943 | D:3      | Found Izecs's Distillery.
  1959 | D:3      | Found Com Puor's Jewellery Boutique.
  1960 | D:3      | Found Qetion's Book Shoppe.
  2243 | D:4      | Found Iqimiob's Assorted Antiques.
  2248 | D:4      | Found Nouzuck's Book Emporium.
  2300 | D:4      | Reached skill level 4 in Ice Magic
  2480 | D:4      | Found a staircase to the Ecumenical Temple.
  2552 | D:4      | Reached XP level 4. HP: 31/33 MP: 4/8
  3279 | D:4      | Found Buileqax's Distillery.
  3499 | D:4      | Reached skill level 5 in Ice Magic
  3499 | D:4      | Reached XP level 5. HP: 38/38 MP: 2/9
  3601 | D:2      | Killed Terence
  4057 | D:5      | Entered Level 5 of the Dungeon
  4063 | D:5      | Noticed an ogre
  4069 | D:5      | Killed an ogre
  4152 | D:5      | Reached skill level 6 in Ice Magic
  4152 | D:5      | Reached XP level 6. HP: 41/45 MP: 3/10
  4821 | D:5      | Reached XP level 7. HP: 50/50 MP: 12/14
  4871 | D:5      | Identified the +1 leather armour of Prudence {+Inv rF+}
  4911 | D:5      | Reached skill level 7 in Ice Magic
  5794 | D:6      | Noticed Duvessa
  5794 | D:6      | Noticed Dowan
  5933 | D:6      | Reached XP level 8. HP: 57/57 MP: 13/17
  6179 | D:6      | Killed Duvessa
  6181 | D:6      | Killed Dowan
  6182 | D:6      | Reached skill level 5 in Evocations
  7047 | D:7      | Reached skill level 8 in Ice Magic
  7486 | D:7      | Reached skill level 9 in Ice Magic
  7779 | D:7      | Found a large runed translucent door.
  7782 | D:7      | Found a large runed translucent door.
  8035 | D:3      | Bought a book of Frost for 260 gold pieces
  8039 | D:3      | Learned a level 3 spell: Frozen Ramparts
  8043 | D:3      | Learned a level 3 spell: Hailstorm
  8770 | D:7      | Reached XP level 9. HP: 54/61 MP: 11/18
  9063 | D:8      | Noticed Joseph
  9077 | D:8      | Killed Joseph
  9220 | D:8      | Reached skill level 5 in Spellcasting
  9517 | D:8      | Identified the +3 longbow of Usoej Itomm {freeze, rElec
                  | rPois rC++ Will-}
 10137 | D:9      | Noticed Erica
 10543 | D:8      | Reached skill level 1 in Fighting
 10868 | D:9      | Found Idiug's Armour Shoppe.
 10874 | D:9      | Noticed a two-headed ogre
 10904 | D:9      | Reached XP level 10. HP: 46/70 MP: 13/21
 11131 | D:9      | Noticed Pikel
 11194 | D:9      | Killed Pikel
 11195 | D:9      | Reached skill level 5 in Fighting
 11752 | D:9      | Found a staircase to the Lair.
 11818 | D:9      | Reached skill level 10 in Ice Magic
 12079 | D:10     | Entered Level 10 of the Dungeon
 12082 | D:10     | Noticed a two-headed ogre
 12331 | D:10     | Killed a two-headed ogre
 12881 | D:11     | Reached skill level 11 in Ice Magic
 13302 | D:11     | Noticed a cyclops
 13351 | D:11     | Noticed Snorg
 13440 | Lair:1   | Entered Level 1 of the Lair of Beasts
 13821 | Lair:1   | Reached XP level 11. HP: 89/89 MP: 16/22
 13965 | Lair:1   | Noticed Sonja
 14003 | Lair:1   | Reached skill level 12 in Ice Magic
 14369 | Lair:1   | Killed Sonja
 15025 | D:3      | Bought Ozocubu's Autobiography for 312 gold pieces
 15033 | D:3      | Learned a level 7 spell: Ozocubu's Refrigeration
 15259 | Lair:2   | Reached skill level 13 in Ice Magic
 15375 | Lair:2   | Noticed Gastronok
 15392 | Lair:2   | Killed Gastronok
 15511 | Lair:2   | Noticed a spriggan druid
 15520 | Lair:2   | Killed a spriggan druid
 15695 | Lair:2   | Noticed Harold
 15709 | Lair:2   | Noticed a spriggan druid
 15771 | Lair:2   | Killed a spriggan druid
 15783 | Lair:2   | Killed Harold
 16110 | Lair:2   | Found a staircase to the Swamp.
 16166 | Lair:2   | Reached skill level 14 in Ice Magic
 16225 | Lair:2   | Reached XP level 12. HP: 73/96 MP: 26/26
 16604 | Lair:2   | Noticed an ice dragon
 18012 | Lair:3   | Noticed a four-headed hydra
 18022 | Lair:3   | Killed a four-headed hydra
 18023 | Lair:3   | Reached skill level 15 in Ice Magic
 18512 | Lair:4   | Noticed a boulder beetle
 18515 | Lair:4   | Killed a boulder beetle
 19511 | Lair:4   | Noticed a six-headed hydra
 19516 | Lair:4   | Killed a six-headed hydra
 20047 | Lair:5   | Entered Level 5 of the Lair of Beasts
 20192 | Lair:5   | Found a dark tunnel.
 20210 | Lair:5   | Noticed a five-headed hydra
 20215 | Lair:5   | Killed a five-headed hydra
 20290 | Lair:5   | Reached XP level 13. HP: 105/105 MP: 28/31
 20291 | Volcano  | Entered a volcano
 20624 | Volcano  | Reached skill level 10 in Spellcasting
 20661 | Volcano  | Noticed a stone giant
 20667 | Volcano  | Killed a stone giant
 21509 | Lair:5   | Noticed a dire elephant
 21509 | Lair:5   | Noticed a dire elephant
 21509 | Lair:5   | Noticed a dire elephant
 22283 | Lair:5   | Found a staircase to the Slime Pits.
 22920 | D:9      | Killed Erica
 22992 | D:11     | Noticed Maurice
 22997 | D:11     | Killed Snorg
 22998 | D:11     | Killed Maurice
 22999 | D:11     | Reached skill level 16 in Ice Magic
 23251 | D:11     | Noticed Erolcha
 23253 | D:11     | Noticed Nergalle
 23256 | D:11     | Killed Nergalle
 23258 | D:11     | Killed Erolcha
 23624 | D:11     | Found a staircase to the Orcish Mines.
 23995 | D:11     | Identified a scroll of acquirement
 23998 | D:11     | Acquired a staff of cold
 24916 | D:12     | Noticed Frances
 24928 | D:12     | Killed Frances
 25143 | D:12     | Reached XP level 14. HP: 115/115 MP: 12/32
 25556 | D:12     | Noticed Josephine
 25562 | D:12     | Killed Josephine
 26353 | Orc:1    | Entered Level 1 of the Orcish Mines
 26382 | Orc:1    | Found Leocaeli's Magic Scroll Emporium.
 26475 | Orc:1    | Reached skill level 17 in Ice Magic
 26888 | Orc:2    | Entered Level 2 of the Orcish Mines
 27108 | Orc:2    | Reached skill level 1 in Armour
 27108 | Orc:2    | Reached skill level 1 in Dodging
 27108 | Orc:2    | Noticed an orc warlord
 27110 | Orc:2    | Reached skill level 1 in Shields
 27140 | Orc:2    | Killed an orc warlord
 27480 | Orc:2    | Found a staircase to the Elven Halls.
 27631 | Orc:2    | Noticed Urug
 27647 | Orc:2    | Killed Urug
 27978 | Orc:2    | Noticed Blork the orc
 27979 | Orc:2    | Killed Blork the orc
 28127 | Orc:2    | Found Varretys's Jewellery Shop.
 28135 | Orc:2    | Found Vedyhem's Antique Armour Shop.
 28168 | Orc:2    | Found Raipse's Antique Weapon Shop.
 28200 | Orc:2    | Found Joenit's General Store.
 28570 | Orc:2    | Bought a runed buckler for 210 gold pieces
 28627 | Orc:1    | Bought a scroll of identify for 20 gold pieces
 28815 | D:4      | Bought a scroll labelled TURHAB YNESI for 18 gold pieces
 28849 | D:3      | Bought a potion of experience for 600 gold pieces
 28850 | D:3      | Reached XP level 15. HP: 121/121 MP: 33/33
 28856 | D:3      | Learned a level 4 spell: Airstrike
 29372 | D:13     | Reached skill level 1 in Air Magic
 30221 | D:14     | Noticed Louise
 30225 | D:14     | Killed Louise
 30226 | D:14     | Reached skill level 5 in Armour
 30331 | D:14     | Found a gate to the Vaults.
 30334 | D:14     | Reached skill level 5 in Dodging
 30335 | D:14     | Reached skill level 5 in Shields
 31228 | D:14     | Reached skill level 5 in Air Magic
 31633 | D:15     | Entered Level 15 of the Dungeon
 31760 | D:15     | Identified the +1 falchion of Umoy {flame, +Blink}
 32721 | D:15     | Found a staircase to the Depths.
 33403 | Lair:2   | Found a staircase to the Snake Pit.
 34090 | Snake:1  | Entered Level 1 of the Snake Pit
 34102 | Snake:1  | Reached XP level 16. HP: 101/128 MP: 34/36
 35155 | Snake:1  | Found Zaorgha's General Store.
 35200 | Snake:1  | Found Qenlimp's Antique Weapon Shoppe.
 35201 | Snake:1  | Found Iklun's Weapon Emporium.
 36020 | Snake:2  | Identified the ring of Vanity {rPois rF+ MP+9 Dex-5}
 36216 | Snake:2  | Noticed Roxanne
 37008 | Snake:2  | Found Wifywo's Jewellery Shoppe.
 37010 | Snake:2  | Found Boithrar's Antique Weapon Shoppe.
 37010 | Snake:2  | Found Joib Vik's Antique Weapon Emporium.
 37056 | Snake:2  | Found Witubeby's Assorted Antiques.
 37068 | Snake:2  | Bought the amulet "Hiar" {RegenMP Will+ SInv} for 842 gold
                  | pieces
 37193 | Snake:2  | Noticed Jorgrun
 37197 | Snake:2  | Killed Jorgrun
 38031 | Snake:3  | Noticed Asterion
 38038 | Snake:3  | Killed Asterion
 38511 | Snake:3  | Found Uguent's Book Boutique.
 38962 | Snake:3  | Reached skill level 10 in Air Magic
 39711 | Snake:4  | Entered Level 4 of the Snake Pit
 40000 | Snake:4  | Reached XP level 17. HP: 134/134 MP: 39/39
 40994 | Snake:4  | Got a serpentine rune of Zot
 41194 | Lair:5   | Learned a level 4 spell: Summon Lightning Spire
 41844 | Lair:5   | Identified the staff of Moral Flaws {rPois rC+ Str+4 Int-2
                  | Ice}
 42424 | Lair:5   | Learned a level 5 spell: Arcjolt
 42508 | Swamp:1  | Entered Level 1 of the Swamp
 44772 | Swamp:3  | Learned a level 3 spell: Swiftness
 45441 | Swamp:3  | Reached XP level 18. HP: 102/144 MP: 32/41
 45757 | Swamp:4  | Entered Level 4 of the Swamp
 45778 | Swamp:4  | Noticed a tentacled monstrosity
 45788 | Swamp:4  | Killed a tentacled monstrosity
 46914 | Swamp:4  | Got a decaying rune of Zot
 47245 | Orc:2    | Bought the ring of Autumn {Ice rElec rN+++ Str-3 Dex-2} for
                  | 495 gold pieces
 47535 | Snake:3  | Bought a book of Vapours for 390 gold pieces
 47541 | Snake:3  | Learned a level 5 spell: Freezing Cloud
 47829 | Elf:1    | Entered Level 1 of the Elven Halls
 47839 | Elf:1    | Reached skill level 10 in Evocations
 48803 | Elf:2    | Paralysed by an air elemental for 1 turns
 49245 | Elf:2    | Found Somasm's Weapon Boutique.
 49615 | Elf:2    | Noticed Donald
 49618 | Elf:2    | Killed Donald
 49646 | Elf:2    | Found a huge runed translucent gate.
 49646 | Elf:2    | Found a huge runed translucent gate.
 49646 | Elf:2    | Found a huge runed translucent gate.
 49646 | Elf:2    | Found a huge runed translucent gate.
 49648 | Elf:2    | Found a huge runed translucent gate.
 50304 | Elf:2    | Noticed Norris
 50313 | Elf:2    | Killed Norris
 50314 | Elf:2    | Reached skill level 10 in Fighting
 50806 | Elf:3    | Entered Level 3 of the Elven Halls
 50923 | Elf:3    | Reached skill level 15 in Spellcasting
 51147 | Elf:3    | Reached XP level 19. HP: 154/154 MP: 43/43
 51642 | Elf:3    | Identified the staff "Xoegecw" {rF+++ Will+++ Str-3 Stlth-
                  | Earth}
 51719 | Elf:3    | Identified the +3 glaive of Evisceration {flame, rC+ Str-5
                  | Int+7}
 51719 | Elf:3    | Identified the +0 scale mail of Parsimonious Freedom {rF+
                  | Slay+2}
 51774 | Elf:3    | Identified the +7 plate armour of the Writhing Gods {Drain
                  | rC++}
 51825 | Elf:3    | Identified the staff of Niwusoubb {rPois Earth}
 52076 | Elf:3    | Found the +3 pair of mountain boots {steadfast, rC+}
 52087 | Elf:3    | Identified the staff of Gravity {*Slow rElec rCorr Str+7
                  | Tmut Air}
 52101 | Elf:3    | Identified the +0 ring mail "Dem Jees" {rC+ rN+ rCorr}
 52134 | Elf:3    | Found the -2 hat of the Alchemist {rElec rPois rF+ rC+ rN+
                  | Will+ rMut rCorr}
 52138 | Elf:3    | Got the Quarto of Corpses
 52149 | Elf:3    | Got the Thoughts on the Escort and the Bonfire
 52734 | Snake:3  | Bought a book of Ice for 750 gold pieces
 52744 | Snake:3  | Learned a level 9 spell: Polar Vortex
 53229 | Vaults:1 | Entered Level 1 of the Vaults
 53930 | Vaults:1 | Identified the +9 battleaxe "Kaneko" {venom, rElec rC-
                  | Str+6}
 54534 | Vaults:2 | Reached skill level 18 in Ice Magic
 55309 | Vaults:2 | Reached skill level 19 in Ice Magic
 55758 | Vaults:2 | Noticed a bone dragon
 55789 | Vaults:2 | Killed a bone dragon
 55930 | Vaults:2 | Found a staircase to the Crypt.
 56061 | Vaults:2 | Reached skill level 20 in Ice Magic
 56986 | Vaults:3 | Reached XP level 20. HP: 137/166 MP: 28/45
 57529 | Vaults:3 | Reached skill level 21 in Ice Magic
 57724 | Vaults:3 | Found Xoqegy's Weapon Emporium.
 57884 | Vaults:3 | Reached skill level 10 in Shields
 60962 | Depths:1 | Entered Level 1 of the Depths
 61406 | Depths:1 | Reached skill level 22 in Ice Magic
 61597 | Depths:1 | Found a gateway to Hell.
 61600 | Depths:1 | Noticed a bone dragon
 61604 | Depths:1 | Reached XP level 21. HP: 107/172 MP: 33/46
 63061 | Snake:3  | Bought a book of Alchemy for 420 gold pieces
 63353 | Depths:1 | Learned a level 5 spell: Irradiate
 63528 | Depths:2 | Noticed a juggernaut
 63536 | Depths:2 | Killed a juggernaut
 63935 | Depths:2 | Identified the ring of Jeleunoha {Will+ Int+3 Dex+6}
 64100 | Depths:2 | Noticed a juggernaut
 64189 | Depths:2 | Noticed a golden dragon
 64204 | Depths:2 | Killed a golden dragon
 64206 | Depths:2 | Killed a juggernaut
 64367 | Depths:2 | Identified the ring "Abbatac" {rPois rC+ Will- Dex+6}
 64695 | Depths:2 | Identified the ring "Nieda" {Fly rCorr Str+6 Int-2 Slay+3}
 64704 | Depths:2 | Identified the amulet of Dishonesty {RegenMP -Tele Rampage
                  | rC+ Str+3}
 64966 | Depths:2 | Found a one-way gate leading to the halls of Pandemonium.
 65501 | Depths:3 | Found a one-way gate to the infinite horrors of the Abyss.
 65920 | Depths:3 | Found a one-way gateway to a ziggurat.
 66814 | Depths:3 | Found the ring of the Tortoise {AC+8}
 66820 | Depths:3 | Identified the staff of Xysusof {rPois rN++ Earth Poison}
 66822 | Depths:3 | Identified the flux talisman of Hepliaklqana's Regard
                  | {+Blink rElec rCorr Dex+3}
 67131 | Depths:4 | Entered Level 4 of the Depths
 67236 | Depths:4 | Noticed a caustic shrike
 67240 | Depths:4 | Noticed a caustic shrike
 67240 | Depths:4 | Noticed a caustic shrike
 67242 | Depths:4 | Killed a caustic shrike
 67243 | Depths:4 | Reached XP level 22. HP: 187/187 MP: 12/49
 67243 | Depths:4 | Killed a caustic shrike
 67243 | Depths:4 | Killed a caustic shrike
 67260 | Depths:4 | Reached skill level 10 in Armour
 67301 | Depths:4 | Noticed a caustic shrike
 67305 | Depths:4 | Killed a caustic shrike
 67386 | Depths:4 | Noticed the Enchantress
 67390 | Depths:4 | Killed the Enchantress
 67423 | Depths:4 | Reached skill level 23 in Ice Magic
 67565 | Depths:4 | Found a magical portal.
 67568 | WizLab   | Entered Lehudib's Moon Base
 67681 | WizLab   | Found a transporter.
 68128 | WizLab   | Identified the +0 pair of gloves "Gony" {rCorr}
 68252 | WizLab   | Found a transporter.
 68852 | Depths:4 | Found a gate to the Realm of Zot.
 69590 | Depths:4 | Learned a level 8 spell: Maxwell's Capacitive Coupling
 69830 | Vaults:5 | Entered Level 5 of the Vaults
 70103 | Vaults:5 | Identified the ring "Anasm" {Ice Int+2}
 70103 | Vaults:5 | Identified the ring of Descent {rN+ rCorr Int+2 Slay+2}
 70385 | Vaults:5 | Reached skill level 15 in Air Magic
 70736 | Vaults:5 | Reached XP level 23. HP: 185/187 MP: 48/50
 71066 | Vaults:5 | Identified the amulet of Beauty {-Cast +Inv Regen+ rCorr
                  | SInv}
 71127 | Vaults:5 | Got a silver rune of Zot
 71447 | Vaults:5 | Noticed a dread lich
 71913 | Vaults:5 | Identified the +6 sling of Disaster {drain, rPois}
 71932 | Vaults:5 | Found the +10 tower shield of Ignorance {rN+ Int-4}
 72063 | Vaults:5 | Killed a dread lich
 72560 | Orc:1    | Bought a scroll of blinking for 75 gold pieces
 73216 | Slime:1  | Entered Level 1 of the Pits of Slime
 73331 | Slime:4  | Reached skill level 1 in Staves
 73349 | Slime:4  | Gained mutation: You have supernaturally acute eyesight.
                  | (SInv) [a shining eye]
 73359 | Slime:4  | Gained mutation: You are clumsy. (Dex -2) [a shining eye]
 73442 | Slime:5  | Entered Level 5 of the Pits of Slime
 73496 | Slime:5  | Reached skill level 5 in Staves
 73599 | Slime:5  | Noticed the Royal Jelly
 74246 | Slime:5  | Gained mutation: You have hidden genetic defects. [a
                  | shining eye]
 74339 | Slime:5  | Killed the Royal Jelly
 74340 | Slime:5  | Reached skill level 10 in Staves
 74554 | Slime:5  | Lost mutation: You are clumsy. (Dex -2) [potion of
                  | mutation]
 74554 | Slime:5  | Lost mutation: You have supernaturally acute eyesight.
                  | (SInv) [potion of mutation]
 74554 | Slime:5  | Lost mutation: You have hidden genetic defects. [potion of
                  | mutation]
 74554 | Slime:5  | Gained mutation: You are partially covered in large bone
                  | plates. (SH +4) [potion of mutation]
 74554 | Slime:5  | Gained mutation: You have sharp toenails. [potion of
                  | mutation]
 74588 | Slime:5  | Identified the +7 rapier "Wyippe Wuic" {distort, rPois rC++
                  | rN+ MP-9}
 74595 | Slime:5  | Identified the +2 scale mail "Jycetax" {rPois rF+ Str+2
                  | Stlth+}
 74646 | Slime:5  | Gained mutation: You are dopey. (Int -2) [a shining eye]
 74846 | Slime:5  | Got a slimy rune of Zot
 75447 | Zot:1    | Entered Level 1 of the Realm of Zot
 75450 | Zot:1    | Found the +4 dragonskin cloak
 75450 | Zot:1    | Noticed Tiamat
 75466 | Zot:1    | Killed Tiamat
 75909 | Zot:1    | Acquired the Guide on Anathema
 75911 | Zot:1    | Acquired a book of Dreams
 75948 | Zot:1    | Reached skill level 10 in Dodging
 75952 | Zot:1    | Identified the +0 cloak of Disaster {Harm Drain Int-4
                  | Dex+6}
 76177 | Zot:1    | Noticed a Killer Klown
 76187 | Zot:1    | Killed a Killer Klown
 76282 | Zot:1    | Noticed a Killer Klown
 76617 | Zot:1    | Reached XP level 24. HP: 204/204 MP: 50/51
 76735 | Zot:1    | Killed a Killer Klown
 77707 | Zot:2    | Identified the +2 pair of gloves of the Dungeon {Contam
                  | rCorr Int+4}
 78995 | Zot:3    | Noticed an orb of fire
 79517 | Crypt:1  | Entered Level 1 of the Crypt
 79973 | Snake:3  | Bought a book of Annihilations for 900 gold pieces
 79983 | Snake:3  | Learned a level 9 spell: Chain Lightning
 81486 | Crypt:2  | Noticed an ancient lich
 81502 | Crypt:2  | Reached skill level 5 in Conjurations
 81503 | Crypt:2  | Noticed a dread lich
 81576 | Crypt:2  | Identified the ring "Ruif Afi" {Wiz rN++ Will+ Str-2}
 81655 | Crypt:2  | Found a transporter.
 81655 | Crypt:2  | Found a transporter.
 82291 | Crypt:3  | Entered Level 3 of the Crypt
 83057 | Crypt:3  | Found a runed translucent door.
 83057 | Crypt:3  | Noticed Raxkuugy's ghost (master TeHu)
 83305 | Crypt:3  | Identified the ring "Siefecus" {*Corrode rF+ rN+ Will+++}
 83305 | Crypt:3  | Identified the ring of Enta {rPois rC- rN+ Int+7}
 83340 | Crypt:3  | Noticed a royal mummy
 83355 | Crypt:3  | Killed a royal mummy
 83356 | Crypt:3  | Reached XP level 25. HP: 132/211 MP: 40/53
 83947 | Crypt:3  | Got the Volume of the Graveyard
 83965 | Crypt:3  | Identified the +1 ring mail of the Pit {rPois Stlth+}
 84016 | Crypt:3  | Identified the +2 pair of gloves "Ducuy" {rElec Str+3
                  | Int+5}
 84325 | Crypt:3  | Noticed Sojobo
 84328 | Crypt:3  | Killed Sojobo
 84614 | Crypt:3  | Found a staircase to the Tomb.
 84813 | Crypt:3  | Killed Raxkuugy's ghost
 84814 | Crypt:3  | Reached skill level 10 in Conjurations
 84948 | Crypt:2  | Killed a dread lich
 84950 | Crypt:2  | Killed an ancient lich
 85272 | Hell     | Entered the Vestibule of Hell
 85272 | Hell     | Noticed Geryon
 85279 | Hell     | Killed Geryon
 85368 | Hell     | Found a gateway to the ashen valley of Gehenna.
 85428 | Hell     | Noticed Murray
 85591 | Depths:1 | Killed Murray
 86012 | Hell     | Found a gateway to the Iron City of Dis.
 86089 | Hell     | Found a gateway to the decaying netherworld of Tartarus.
 86243 | Hell     | Found a gateway to the freezing wastes of Cocytus.
 86494 | Zot:3    | Killed an orb of fire
 87203 | Zot:4    | Reached skill level 15 in Conjurations
 88151 | Zot:5    | Entered Level 5 of the Realm of Zot
 88377 | Zot:5    | Reached XP level 26. HP: 218/218 MP: 51/53
 89619 | Zot:5    | Noticed an orb of fire
 89622 | Zot:5    | Noticed an ancient lich
 89631 | Zot:5    | Killed an orb of fire
 89907 | Zot:5    | Noticed a dread lich
 89911 | Zot:5    | Killed a dread lich
 89937 | Zot:5    | Killed an ancient lich
 90120 | Zot:5    | Noticed a dread lich
 90124 | Zot:5    | Noticed an ancient lich
 90127 | Zot:5    | Killed an ancient lich
 90127 | Zot:5    | Killed a dread lich
 90127 | Zot:5    | Noticed an orb of fire
 90577 | D:4      | Bought a potion of cancellation for 96 gold pieces
 90577 | D:4      | Bought a potion of resistance for 120 gold pieces
 90577 | D:4      | Bought a potion of brilliance for 48 gold pieces
 90990 | Zot:5    | Noticed a dread lich
 90996 | Zot:5    | Noticed an ancient lich
 91011 | Zot:5    | Killed a dread lich
 91012 | Zot:5    | Killed an ancient lich
 91311 | Zot:5    | Noticed an ancient lich
 91316 | Zot:5    | Killed an ancient lich
 91957 | Zot:5    | Noticed a dread lich
 91963 | Zot:5    | Killed a dread lich
 92000 | Zot:5    | Got the Orb of Zot
 92011 | Zot:5    | Noticed Finazusm the pandemonium lord
 92163 | Zot:1    | Noticed Icriag the pandemonium lord
 92167 | Zot:1    | Killed Icriag the pandemonium lord
 92202 | Zot:1    | Noticed Eskiquah the pandemonium lord
 92585 | D:$      | Escaped with the Orb!

Illustrated notes

Levels and vault maps discovered:
D:1:      scummos_arrival_simple_crosswalls, layout_loops_corners, serial_shops,
          shop, minivault_24, nicolae_concentric_dashed_squares_mild
D:2:      layout_basic, basic_altar, minmay_misc_feat_nine_boxes, uniq_terence
D:3:      layout_rooms, serial_shops, nicolae_shop_just_a_little_nook, shop,
          shop_statue, ebering_ecumenical_altar_webs, serial_bayou_pond_c
D:4:      layout_layer_cave, temple_fountains, serial_shops,
          nicolae_shop_statue_plus, minmay_stone_trees_small,
          nicolae_wooded_promenade
D:5:      layout_loops_ring, minivault_24, minmay_misc_feat_encased, minmay_bent
D:6:      layout_rooms, okawaru_altar_gauntlet_db, kennysheep_generic_room_14,
          uniq_duvessa
D:7:      layout_basic, overflow_temple_1_default, jmf_multi_god_temple2
D:8:      layout_basic, minitemple, nzn_wu_jian_contemplation, uniq_joseph
D:9:      layout_roguey, dpeg_oklobed_lair, serial_shops, shop, feat_on_display,
          uniq_pikel, uniq_erica
D:10:     layout_cross, mainiacjoe_overflow_concentric_impassable
D:11:     layout_basic, david_orc_1_choice, uniq_erolcha, uniq_maurice,
          uniq_nergalle, uniq_snorg
D:12:     minmay_recursive_quarters, layout_basic, uniq_frances, uniq_josephine
D:13:     layout_loops_ring
D:14:     layout_long_grid, david_vaults_3, nicolae_hepliaklqana_hippocampus,
          nicolae_two_hexagons, uniq_louise
D:15:     hangedman_depths_entry_civil_slaughter, layout_rooms,
          nicolae_benzene_ring
Lair:1:   layout_cave_pods, uniq_sonja
Lair:2:   layout_regular_city, mainiacjoe_swamp_entry_angry_trees,
          alex1729_snake_entry_snake, ice2_lemuel, uniq_harold, uniq_gastronok
Lair:3:   layout_cave_pods, grunt_forest_stairs_basic
Lair:4:   layout_regular_city
Lair:5:   due_jungle_book, layout_loops_ring, minmay_slime_entry_oklob_open,
          nicolae_volcano_entry_lava_flow, lemuel_fruit_fields,
          lemuel_fruit_tree
Swamp:1:  layout_basic_swamp, hangedman_swamp_ruin_wall
Swamp:2:  layout_basic_swamp, evilmike_swamp_ruin_house_4, hangedman_swamp_grove
Swamp:3:  layout_basic_swamp, evilmike_swamp_ruin_rubble_1, swamp_pool_4,
          nicolae_swamp_round_clearing, beargit_guarded_unrand_captain_cutlass
Swamp:4:  swamp_icy, layout_basic_swamp
Snake:1:  layout_basic, minmay_shop_star, serial_bayou_shore_a
Snake:2:  layout_basic, grunt_megastairs_2, minmay_shoptagon, uniq_roxanne,
          uniq_jorgrun
Snake:3:  layout_chambers, nicolae_stop_n_shop_2, serial_bayou_shore_b,
          uniq_asterion
Snake:4:  minmay_snake_end_coiled, layout_gridlike
Slime:1:  layout_caves
Slime:2:  layout_caves, cheibrodos_slime_lost_civilization_5
Slime:3:  layout_caves
Slime:4:  layout_caves
Slime:5:  slime_pit_nicolae_trefoil
Orc:1:    layout_caves, serial_shops, shop
Orc:2:    grunt_orc_cross, layout_caves, basic_altar
Elf:1:    eino_elf_arrival_altar, layout_geoelf_octagon,
          hangedman_corner_corridor
Elf:2:    elven_hall_of_blades_hangedman_alternative
          [nooodl_blade_entry_preview], layout_loops_corners, serial_shops,
          shop, grunt_megastairs_3, uniq_donald, uniq_norris
Elf:3:    grunt_elf_hall_asides, layout_loops_cross, basic_altar
Vaults:1: nicolae_vaults_trapezoid_lopsided_4, nicolae_vaults_trapezoid_2,
          v_misc_24, nicolae_vaults_doubleplus_tesselated, vaults_room_pool,
          layout_vaults_quadrants
Vaults:2: ontoclasm_vaults_misaligned, minmay_crypt_entry_nasty_monster,
          lightli_church_of_beogh, v_misc_18,
          nicolae_vaults_offset_grid_hallway_4, v_misc_14,
          nicolae_vaults_hexular_roomagon, nicolae_vaults_specimen_jars,
          ontoclasm_vaults_misaligned, nicolae_vaults_oval_intersection,
          nicolae_vaults_octothorpe, ontoclasm_vaults_twist, vaults_room_boxed,
          layout_vaults_maze_bifur
Vaults:3: ontoclasm_vaults_bender, nicolae_vaults_tangram_2,
          hangedman_vaults_corner_blocks, vaults_room_glass_cross, v_rooms_6,
          nicolae_vaults_windows_and_doors_thing, v_misc_17,
          vaults_room_stairs_pillars, nicolae_vaults_closet_pinwheel_2,
          nicolae_vaults_door_testing_chamber, v_rooms_1,
          nicolae_vaults_six-pack, ontoclasm_vaults_shuriken, v_misc_22,
          nicolae_vaults_double_plus_1, layout_vaults_omnibox, serial_shops,
          nicolae_shop_bloodbath_and_beyond
Vaults:4: nicolae_vaults_security_offices_4, nicolae_vaults_heart-shaped_vault,
          nicolae_vaults_variable_pillar_hall, nicolae_vaults_twisting_passages,
          nicolae_vaults_what_the_h, hangedman_vaults_slice,
          vaults_mumra_minichess_inversion, hangedman_vaults_trim,
          nicolae_vaults_two_Ls, layout_vaults_ring
Vaults:5: serial_shops
Crypt:1:  layout_gridlike
Crypt:2:  gammafunk_the_bubble [the_bubble_gammafunk_plus_minus],
          layout_misc_corridors, nicolae_crypt_crumbling_hall
Crypt:3:  due_elkab, layout_chaotic_city, ebering_ghost_xom,
          serial_library_regret_index_headful, uniq_sojobo
Depths:1: layout_basic, grunt_mini_vestibule, nicolae_elyvilon_temple_path
Depths:2: minmay_the_grid_triangle_9x9_rhombus_thin_mashed
          [minmay_the_grid_triangle_9x9_windchime,
          minmay_the_grid_triangle_9x9_prize_special,
          minmay_the_grid_triangle_9x9_checkered,
          minmay_the_grid_triangle_9x9_descending_squares], layout_basic,
          hangedman_tar_grid_catacomb, rand_demon_pan_entry_4,
          chequers_big_river, hangedman_decor_points
Depths:3: skrybe_chaotic_catacombs, layout_gridlike, enter_ziggurat_e,
          rand_demon_pan_entry_3, abyss_entry, hangedman_coc_ice_floe,
          kennysheep_small_spiral
Depths:4: evilmike_zot_entry_diamond, layout_cave_shapes, mu_enter_wizlab_7,
          abyss_entry, grunt_hell_entry_dis_old, minmay_misc_feat_four_crosses,
          uniq_enchantress
Hell
Zot:1:    grunt_deathspiral_small, layout_onion_interference,
          regret_index_zotdec_ex, uniq_tiamat
Zot:2:    layout_onion_interference, regret_index_zotdec_glowing_original
Zot:3:    layout_concentric_octagons
Zot:4:    layout_twisted_circle
Zot:5:    layout_gridlike, grunt_ministairs_9

Skill      XL: |  1  2  3  4  5  6  7  8  9 10 11 12 13 14 15 16 17 18 19 20 21 22 23 24 25 26 |
---------------+-------------------------------------------------------------------------------+-----
Ice Magic      | 2 3 4 5 6 7 9 11 14 15 16 17 20 22 23 | 23.0
Spellcasting   | 2 4 5 7 9 10 11 13 14 15 17 18 19 20 | 20.0
Evocations     | 3 5 7 9 10 11 | 11.0
Conjurations   | 3 4 8 16 20 | 20.5
Fighting       | 3 6 7 8 10 11 13 14 | 14.5
Throwing       | 4 |  4.0
Armour         | 4 6 8 9 12 | 12.2
Dodging        | 4 5 6 7 12 14 | 14.8
Shields        | 4 5 6 8 14 | 14.9
Air Magic      | 5 10 13 15 16 17 | 17.0
Staves         | 12 | 12.0
Stealth        | |  2.6

Action                     |  1- 3 |  4- 6 |  7- 9 | 10-12 | 13-15 | 16-18 | 19-21 | 22-24 | 25-27 || total
---------------------------+-------+-------+-------+-------+-------+-------+-------+-------+-------++-------
  Melee: Dagger            |    46 |    14 |    25 |       |       |       |       |       |       ||    85
         War axe           |     3 |       |    22 |    16 |       |       |       |       |       ||    41
         Punch             |       |     1 |       |       |       |       |       |       |       ||     1
         Trident           |       |       |    22 |    12 |       |       |       |       |       ||    34
         Staff             |       |       |       |       |    20 |     7 |   170 |   266 |   135 ||   598
   Fire: Shortbow          |       |       |    19 |       |       |       |       |       |       ||    19
         Longbow           |       |       |    12 |   204 |    22 |       |       |       |       ||   238
  Throw: Dart              |       |    13 |    16 |     2 |     5 |       |       |       |       ||    36
   Cast: Freeze            |    54 |    58 |   167 |    22 |       |       |       |       |       ||   301
         Ozocubu's Armour  |       |     7 |    32 |    46 |    14 |     2 |       |       |       ||   101
         Hailstorm         |       |       |    11 |    10 |     5 |       |       |       |       ||    26
         Frozen Ramparts   |       |       |    18 |    66 |    16 |     2 |       |       |       ||   102
         Ozocubu's Refrige |       |       |       |    69 |   267 |   532 |   441 |   215 |    43 ||  1567
         Airstrike         |       |       |       |       |    24 |   309 |    27 |       |       ||   360
         Summon Lightning  |       |       |       |       |       |     4 |       |       |       ||     4
         Freezing Cloud    |       |       |       |       |       |     1 |     2 |       |       ||     3
         Polar Vortex      |       |       |       |       |       |       |    82 |   165 |    89 ||   336
         Irradiate         |       |       |       |       |       |       |       |    14 |    11 ||    25
         Maxwell's Capacit |       |       |       |       |       |       |       |     8 |    27 ||    35
         Chain Lightning   |       |       |       |       |       |       |       |       |    19 ||    19
Ability: Evoke Invisibilit |       |       |     1 |       |       |       |       |       |       ||     1
  Evoke: Wand              |       |       |     8 |    13 |     3 |     7 |    13 |       |    10 ||    54
         Lightning rod     |       |       |       |       |       |     5 |       |     1 |       ||     6
         Phantom mirror    |       |       |       |       |       |       |     1 |       |       ||     1
         Tin of tremorston |       |       |       |       |       |       |       |     2 |       ||     2
    Use: Potion            |     1 |       |     5 |       |     2 |       |     4 |     3 |     4 ||    19
         Scroll            |     2 |     2 |     7 |     6 |     6 |     7 |     5 |    18 |     1 ||    54
   Stab: Sleeping          |     7 |     1 |     1 |       |       |       |       |       |       ||     9
         Invisible         |       |       |     1 |       |       |       |       |       |       ||     1
 Armour: Leather armour    |    46 |    35 |   222 |   233 |    61 |       |       |       |       ||   597
         Troll leather arm |       |       |       |       |    58 |   255 |   114 |    31 |       ||   458
         Robe              |       |       |       |       |       |       |   303 |       |       ||   303
         Acid dragon scale |       |       |       |       |       |       |       |   392 |   221 ||   613
  Dodge: Dodged            |    56 |    26 |   166 |   131 |    60 |    82 |   178 |   225 |   132 ||  1056
  Block: Kite shield       |       |       |       |       |     3 |   105 |   146 |   471 |   277 ||  1002
         Buckler           |       |       |       |       |    11 |     1 |    61 |       |       ||    73

Table legend: (Time is in decaauts)
 A = Elapsed time spent in this place.
 B = Non-inter-level travel time spent in this place.
 C = Inter-level travel time spent in this place.
 D = Time resting spent in this place.
 E = Time spent auto-exploring this place.
 F = Levels seen in this place.
 G = Mean time per level.
                   A        B        C        D        E       F      G
               +--------+--------+--------+--------+--------+-----+--------+
         Total |  93359 |  81575 |  11784 |   6548 |  57296 |  58 | 1609.6 |
       Dungeon |  24892 |  19751 |   5141 |   2010 |  13765 |  15 | 1659.5 |
          Lair |  11836 |  10043 |   1793 |    425 |   7626 |   5 | 2367.2 |
         Swamp |   4769 |   4560 |    209 |    232 |   3157 |   4 | 1192.2 |
     Snake Pit |   7663 |   6839 |    824 |    212 |   5539 |   4 | 1915.8 |
    Slime Pits |   1873 |   1797 |     76 |    574 |    797 |   5 |  374.6 |
  Orcish Mines |   2432 |   2080 |    352 |    126 |   1486 |   2 | 1216.0 |
   Elven Halls |   4443 |   4263 |    180 |    198 |   3202 |   3 | 1481.0 |
        Vaults |  11359 |   9967 |   1392 |   1104 |   6952 |   5 | 2271.8 |
         Crypt |   4816 |   4612 |    204 |    440 |   2935 |   3 | 1605.3 |
        Depths |   8228 |   7422 |    806 |    776 |   4922 |   4 | 2057.0 |
          Hell |    533 |    515 |     18 |     33 |    228 |   1 |  533.0 |
           Zot |   8780 |   7996 |    784 |    202 |   5823 |   5 | 1756.0 |
       Volcano |    531 |    531 |      0 |    213 |      0 |   1 |  531.0 |
        Wizlab |   1199 |   1199 |      0 |      3 |    861 |   1 | 1199.0 |
               +--------+--------+--------+--------+--------+-----+--------+

Top non-repeatable levels by time:
  Lair:5: 3157 daAuts
Vaults:4: 3104 daAuts
   Zot:5: 2887 daAuts
  Lair:2: 2739 daAuts
Depths:1: 2642 daAuts
Vaults:2: 2540 daAuts
     D:7: 2434 daAuts
    D:12: 2434 daAuts
  Lair:1: 2343 daAuts
     D:9: 2322 daAuts
    D:11: 2306 daAuts
 Snake:2: 2274 daAuts
Vaults:3: 2184 daAuts
 Snake:1: 2182 daAuts
     D:5: 2160 daAuts
